[Event "Early-Titled-Tuesday-Blitz-May-07-2024"]
[Site "Chess.com"]
[Date "2024.05.07"]
[Round "7"]
[White "WindWhistler11"]
[Black "schackspelaren"]
[Result "1-0"]
[WhiteElo "2558"]
[BlackElo "2386"]
[TimeControl "180+1"]
[EndTime "9:22:36 PDT"]
[Termination "WindWhistler11 won by resignation"]

1. Nf3 g6 2. g3 Bg7 3. Bg2 e5 4. d4 e4 5. Ng5 d5 6. c4 h6 7. Nh3 Bxh3 8. Bxh3 c6 9. cxd5 cxd5 10. Nc3 Ne7 11.
b3 Nbc6 12. e3 Nb4 13. O-O Nec6 14. Ba3 O-O 15. Qd2 f5 16. Bxb4 Nxb4 17. Nxe4 dxe4 18. Qxb4 Qd7 19. Rac1 Rfc8 20. Rc4 h5 21. Rfc1 Rxc4 22.
Qxc4+ Kh7 23. Qc7 Rd8 24. Bf1 a6 25. a4 Bf8 26. Qb6 Bd6 27. Bc4 Re8 28. Bd5 Re7 29. Qa5 Rg7 30. Bc4 h4 31. Qd5 Qe7 32.
Be2 Qd7 33. Bf1 Ba3 34. Qxd7 Rxd7 35. Rc4 Bd6 36. b4 hxg3 37. hxg3 Kg7 38. b5 axb5 39. axb5 Kf6 40. Rc8 Bb4 41. b6 Ba5 42. Bb5 Re7 43. Rc5 Bxb6 44. Rd5 Rh7 45. Rd6+ Kg5 46. Rxb6 Rc7 47.
Be8 Rc1+ 48. Kg2 Rc6 49. Bxc6 1-0

[Event "Early-Titled-Tuesday-Blitz-May-07-2024"]
[Site "Chess.com"]
[Date "2024.05.07"]
[Round "7"]
[White "Barbix1"]
[Black "maurovargas01"]
[Result "1-0"]
[WhiteElo "2273"]
[BlackElo "1968"]
[TimeControl "180+1"]
[EndTime "9:22:36 PDT"]
[Termination "Barbix1 won on time"]

1. d4 d5 2. c4 e6 3. Nf3 c6 4. g3 Nf6 5. Bg2 Bd6 6. O-O O-O 7. Qc2 Ne4 8. Nfd2 f5 9. f3 Nf6 10. Nc3 Bd7 11. e4 fxe4 12. fxe4 Ng4 13. Nf3 c5 14. exd5 cxd4 15. Ne4 Bc7 16. d6 Bb6 17. c5 Ba5 18. Bg5 Qe8 19. Nxd4 Nc6 20. Nxc6 Bxc6 21. Rxf8+ Qxf8 22. Rf1 Qe8 23. Qd1 Qh5 24. h3 Bxe4 25.
hxg4 Qxg5 26. Bxe4 Qxc5+ 27. Kg2 Qe5 28. Qf3 Qxb2+ 29.
Rf2 Qf6 30. Qxf6 gxf6 31. Rxf6 e5 32. Bd5+ Kg7 33. Rf7+ Kg6 34. Rxb7 Bb6 35. d7 Rd8 36. Kf3 Kf6 37. Ke4 Bd4 38. Bc6 Ke7 39. Rb1 Kd6 40. Ba4 Rg8 41. Kf5 1-0

[Event "Early-Titled-Tuesday-Blitz-May-07-2024"]
[Site "Chess.com"]
[Date "2024.05.07"]
[Round "7"]
[White "CarlosjPineror"]
[Black "Irishchessman16"]
[Result "0-1"]
[WhiteElo "2702"]
[BlackElo "2563"]
[TimeControl "180+1"]
[EndTime "9:22:37 PDT"]
[Termination "Irishchessman16 won by resignation"]

1. e4 c5 2. Nf3 g6 3. g3 Bg7 4. Bg2 Nc6 5. O-O d6 6. h3 Nf6 7. Nc3 Nd7 8. d3 O-O 9. Be3 Nd4 10. Qd2 Nxf3+ 11. Bxf3 Ne5 12. Bg2 Bxh3 13. f3 Bd7 14. Ne2 b5 15. Bf2 b4 16. c3 a5 17. Nf4 bxc3 18. bxc3 a4 19. Rfb1 Bc6 20. Nd5 Bxd5 21.
exd5 Qa5 22. f4 Ng4 23. Be1 Rfb8 24. Bf3 Nf6 25. Qc2 Nd7 26. c4 Qa7 27. Bc3 Bxc3 28. Qxc3 Rb4 29. a3 Rab8 30. Qc1 Rb3 31. Be2 Qb7 32. Rxb3 axb3 33. Rb1 b2 34. Qc2 Qb3 35. Qxb3 Rxb3 36. Kf2 Nb6 37. Bd1 Rxd3 38. Rxb2 Nxc4 39. Rb8+ Kg7 40. Be2 Rd2 41. Ke1 Rc2 42. Kd1 Nxa3 43. Rb3 Ra2 44. Rb7 Kf6 45. g4 h6 46. Bf3 Nc4 47.
g5+ hxg5 48. fxg5+ Kxg5 49. Rxe7 Ne5 50. Be2 Kf6 51.
Re8 g5 52. Rd8 Ke7 53. Rg8 g4 54. Bxg4 Rg2 0-1

[Event "Early-Titled-Tuesday-Blitz-May-07-2024"]
[Site "Chess.com"]
[Date "2024.05.07"]
[Round "7"]
[White "ReinisUz"]
[Black "xasid81"]
[Result "0-1"]
[WhiteElo "2439"]
[BlackElo "2645"]
[TimeControl "180+1"]
[EndTime "9:22:37 PDT"]
[Termination "xasid81 won on time"]

1. c4 c6 2. Nc3 d5 3. cxd5 cxd5 4. d4 a6 5. Nf3 Nf6 6. Bg5 Nc6 7. e3 e6 8. Bd3 Be7 9. O-O h6 10. Bh4 O-O 11.
a3 Bd7 12. b4 Rc8 13. Na4 Nh5 14. Bxe7 Nxe7 15. Nc5 Bc6 16. Ne5 Nf6 17. Nxc6 bxc6 18. Bxa6 Rb8 19. Rc1 Qb6 20. Bd3 Ra8 21. Qb3 Ra7 22.
a4 Rfa8 23. a5 Qd8 24. a6 Rb8 25. Qa4 Qb6 26. Rb1 Nc8 27. Rfc1 Nd6 28. f3 Rba8 29. Qa5 Rb8 30. Kf2 Nd7 31. Na4 Qxa5 32. bxa5 Rxb1 33.
Rxb1 Kf8 34. Nb6 Ke7 35. Rc1 Nb8 36. e4 Kd8 37. e5 Nf5 38. Bxf5 exf5 39. Ke3 Rxa6 40.
Rc5 g5 41. g3 Ra7 42. h4 Ra6 43. Kf2 Ra7 44. Kg2 Rc7 45. hxg5 hxg5 46. Kf2 Na6 47.
Rc2 Nb4 48. Rc3 Ra7 49. Rb3 Nc2 50. Na4 Rxa5 51. Nc5 Ra2 52. Rb8+ Kc7 53. Rb7+ Kc8 54. Rxf7 Nxd4+ 55. Ke3 Nc2+ 56. Kd2 Nd4+ 57. Kd3 Nxf3 58.
Rxf5 Ra3+ 59. Kc2 Nd4+ 60. Kb2 Nxf5 61. Kxa3 Nxg3 62. Ne6 Ne4 63. Kb4 Kd7 64. Ng7 g4 65. Kb3 g3 66. Nf5 g2 0-1

[Event "Early-Titled-Tuesday-Blitz-May-07-2024"]
[Site "Chess.com"]
[Date "2024.05.07"]
[Round "7"]
[White "Nemegejas"]
[Black "DominguezOnYoutube"]
[Result "1/2-1/2"]
[WhiteElo "2829"]
[BlackElo "2971"]
[TimeControl "180+1"]
[EndTime "9:22:38 PDT"]
[Termination "Game drawn by repetition"]

1. d4 Nf6 2. Nf3 d5 3. e3 e6 4.
Bd3 b6 5. b3 Bb7 6. Bb2 Nbd7 7.
Nbd2 Bd6 8. O-O O-O 9. Ne5 Ne4 10.
f3 Nxd2 11. Qxd2 c5 12. Nxd7 Qxd7 13. c4 dxc4 14. Bxc4 Qc7 15. h3 Rad8 16. Qe2 Qe7 17. Rad1 h6 18. a4 cxd4 19. Bxd4 e5 20. Bb2 Bc5 21.
Kh1 Qg5 22. e4 Bc8 23. Bd5 a5 24. Bc1 Qe7 25. Be3 Ba6 26. Bxc5 Qa7 27. Qe3 bxc5 28. Rf2 Rd7 29. Rc2 Rc8 30. Rdc1 Rdc7 31. Qc3 Bb7 32. Qxe5 Bxd5 33. Qxd5 Qb6 34. Rd2 Rb8 35. Rd3 Rbc8 36. Rc4 Qf6 37. e5 Qf5 38. Kh2 h5 39. Qe4 Qe6 40. f4 Rd7 41. f5 Qe8 42. Rd5 Rxd5 43. Qxd5 Qe7 44. Re4 Rd8 45. Qc4 Qg5 46. Re2 h4 47. Qg4 Qxg4 48. hxg4 Rd3 49. Rc2 Rxb3 50.
Rxc5 Rb4 51. Rxa5 Rxg4 52. Ra8+ Kh7 53. a5 Re4 54. Re8 Ra4 55. Ra8 Re4 56. Re8 Ra4 57.
Ra8 Re4 1/2-1/2

[Event "Early-Titled-Tuesday-Blitz-May-07-2024"]
[Site "Chess.com"]
[Date "2024.05.07"]
[Round "7"]
[White "Iskusnyh"]
[Black "Cheer_Down"]
[Result "0-1"]
[WhiteElo "2588"]
[BlackElo "2482"]
[TimeControl "180+1"]
[EndTime "9:22:38 PDT"]
[Termination "Cheer_Down won on time"]

1. d4 d5 2. c4 e6 3. Nf3 Nf6 4. g3 Be7 5. Bg2 O-O 6. O-O dxc4 7. Na3 Bxa3 8. bxa3 Bd7 9. Ne5 Bc6 10. Nxc6 Nxc6 11. Bb2 Nd5 12. Rc1 Nb6 13. a4 a5 14. e3 Qd6 15. Rc3 Qb4 16. Qc1 Nxa4 17. Rxc4 Qxb2 18. Rxa4 Qxc1 19. Rxc1 Ra6 20. Bxc6 bxc6 21. Rac4 Rfa8 22. Rxc6 Rxc6 23. Rxc6 Ra7 24. Kf1 Kf8 25. Ke2 Ke7 26.
Kd3 Kd7 27. Rc5 g6 28. g4 Ra6 29. a4 Rb6 30. f4 Rb2 31. h4 Rg2 32. g5 Rh2 33.
Rxa5 Rxh4 34. Ke4 h6 35. gxh6 Rxh6 36. Rc5 f6 37. Rc3 Rh5 38. Kd3 Ra5 39. Rc4 g5 40. fxg5 Rxg5 41. Ke4 Ra5 42. Kf4 Kd6 43. e4 c5 44. e5+ fxe5+ 45. dxe5+ Kd5 46. Re4 c4 47. Re1 Rxa4 48. Rd1+ Kc5 49. Rd6 c3+ 50. Ke3 c2 51.
Kd2 Rd4+ 52. Kxc2 Rxd6 53. exd6 Kxd6 54. Kc3 Ke5 55. Kd3 Kf4 56. Ke2 Ke4 0-1

[Event "Early-Titled-Tuesday-Blitz-May-07-2024"]
[Site "Chess.com"]
[Date "2024.05.07"]
[Round "7"]
[White "Oleg_Papayan"]
[Black "Me_ch_an"]
[Result "1-0"]
[WhiteElo "2676"]
[BlackElo "2365"]
[TimeControl "180+1"]
[EndTime "9:22:38 PDT"]
[Termination "Oleg_Papayan won by resignation"]

1. e4 c5 2. d4 cxd4 3. Qxd4 Nc6 4. Qd3 Nf6 5. Nc3 e5 6. Bg5 Bb4 7. Ne2 h6 8. Bh4 O-O 9. O-O-O g5 10. Bg3 d6 11. h4 g4 12. h5 a5 13. Bh4 Be6 14. Nd5 Bxd5 15. exd5 Nb8 16. Qf5 Nbd7 17. Ng3 Kg7 18.
Ne4 Rc8 19. Bd3 Rh8 20. Nxf6 Nxf6 21. Bxf6+ Qxf6 22. Qxg4+ Qg5+ 23. Qxg5+ hxg5 24. c3 Bc5 25. Bf5 Rb8 26. f3 b5 27. Kc2 b4 28. c4 a4 29.
Kd3 Bd4 30. Rd2 Kh6 31. g3 a3 32. b3 Rbd8 33. Ke4 Bc3 34. Rg2 Bd4 35. Rd2 Bc3 36. Rd3 Bd4 37. Rhd1 Bb2 38. Bg4 Rb8 39. R1d2 Rbd8 40.
Rd1 Ra8 41. R3d2 Bc3 42. Rc2 Bb2 43. Rb1 Bd4 44. Rd1 Bb2 45. c5 dxc5 46. Rxc5 Bd4 47. Rc6+ Kg7 48. Rc4 Bb2 49. Rxb4 Bc3 50. Rc4 Bb2 51. d6 Rhd8 52. d7 Ra5 53. Rc8 Ra8 54.
Rxa8 1-0

[Event "Early-Titled-Tuesday-Blitz-May-07-2024"]
[Site "Chess.com"]
[Date "2024.05.07"]
[Round "7"]
[White "laysa_latifah"]
[Black "rookpower2004"]
[Result "1-0"]
[WhiteElo "2463"]
[BlackElo "2524"]
[TimeControl "180+1"]
[EndTime "9:22:38 PDT"]
[Termination "laysa_latifah won on time"]

1. e4 e5 2. Nf3 Nc6 3. Bb5 a6 4.
Ba4 Nf6 5. d3 b5 6. Bb3 Be7 7.
a4 Rb8 8. O-O d6 9. h3 O-O 10. c3 Na5 11. Bc2 c5 12. Nbd2 Nc6 13. d4 cxd4 14. cxd4 Qc7 15. axb5 axb5 16. d5 Nb4 17. Bb3 Na6 18. Re1 Nc5 19. Bc2 Bd7 20. b4 Na4 21. Bb3 Rfc8 22. Nb1 Nc3 23. Nxc3 Qxc3 24.
Bd2 Qc7 25. Ra5 Ra8 26. Qa1 Qb7 27. Nh2 Bd8 28. Ra2 Rxa2 29. Qxa2 Bb6 30. Nf1 Bd4 31.
Ng3 Ra8 32. Qb1 Qb6 33. Be3 Ra1 34. Qxa1 Bxa1 35. Bxb6 Bc3 36. Rc1 Bxb4 37. Rc7 Kf8 38. Nh5 Nxh5 39. Rxd7 Nf4 40. f3 Ke8 41. Rd8+ Ke7 42. Rb8 Kd7 43. Rb7+ Ke8 44. Be3 Bc3 45. Rxb5 1-0

[Event "Early-Titled-Tuesday-Blitz-May-07-2024"]
[Site "Chess.com"]
[Date "2024.05.07"]
[Round "7"]
[White "Mrlammy"]
[Black "Veleamater"]
[Result "1-0"]
[WhiteElo "2589"]
[BlackElo "2441"]
[TimeControl "180+1"]
[EndTime "9:22:39 PDT"]
[Termination "Mrlammy won by resignation"]

1. d4 d6 2. Nf3 g6 3. c4 Bg7 4. Nc3 Nf6 5. e4 O-O 6. Be2 Nc6 7. Be3 e5 8. d5 Ne7 9. Nd2 h6 10. c5 Ne8 11. Qb3 f5 12. f3 f4 13. Bf2 g5 14.
O-O-O h5 15. Nc4 h4 16. Qa3 Rf7 17. cxd6 cxd6 18. Nb6 axb6 19. Qxa8 h3 20. gxh3 Qc7 21. Rhg1 Bf6 22. h4 g4 23. fxg4 f3 24. Bb5 Rf8 25. g5 Bg7 26. Qa7 Bd7 27. Qxb6 Qc8 28. Bxd7 Qxd7 29.
Kb1 Qh3 30. Bg3 Ng6 31. Qxb7 Nxh4 32. Bxh4 Qxh4 33. g6 f2 34. Rgf1 Qxh2 35. Qd7 Bf6 36. Qe6+ Kg7 37. Nb5 Kxg6 38. Nxd6 Ng7 39. Qg4+ Bg5 40.
Nf5 Nxf5 41. exf5+ Rxf5 42. d6 Qh8 43. d7 Qd8 44. Qe4 Kf6 45. Qc6+ Kg7 46. Qc8 e4 47. Qc3+ Bf6 48. Qg3+ Kf7 49. Rxf2 Rxf2 50. Qxf2 Ke6 51. Qe2 Qb8 52. Qxe4+ Kf7 53. Qc2 Kg7 54. Qg2+ Kf7 55. Qd2 Qd8 56. Qd5+ Kg7 57. Rg1+ Kh6 58.
Qh1+ Bh4 59. Qc6+ Bf6 60. Rf1 Kg7 61. Qxf6+ Qxf6 62. Rxf6 1-0

[Event "Early-Titled-Tuesday-Blitz-May-07-2024"]
[Site "Chess.com"]
[Date "2024.05.07"]
[Round "7"]
[White "Perecke"]
[Black "AlexeiShirov"]
[Result "0-1"]
[WhiteElo "2563"]
[BlackElo "2860"]
[TimeControl "180+1"]
[EndTime "9:22:41 PDT"]
[Termination "AlexeiShirov won by resignation"]

1. e4 e5 2. Nf3 Nc6 3. Bb5 f5 4. d3 fxe4 5. dxe4 Nf6 6. O-O Bc5 7. Nc3 d6 8. Na4 Bb6 9. h3 O-O 10. Nxb6 axb6 11. c3 Kh8 12. Re1 Ne7 13. Bc4 Ng6 14.
Kh2 h6 15. g3 Qd7 16. Ng1 Qc6 17. Bd3 Be6 18. a3 Bc4 19. Kg2 d5 20. Bxc4 dxc4 21.
f3 Rad8 22. Qc2 Rd3 23. b3 b5 24. a4 Rfd8 25. axb5 Qxb5 26. bxc4 Qxc4 27. Ne2 Ne7 28. Ra4 Qb5 29. c4 Qc6 30. Ra8 Rxa8 31. Qxd3 Ra2 32. Be3 Kh7 33. Rc1 Nd7 34. Rc2 Nc5 35. Bxc5 Rxc2 36.
Bxe7 Qxc4 37. Qxc4 Rxc4 38. Kf2 b5 39. Ke3 Kg6 40. f4 Kf7 41. Ba3 b4 42. Bb2 exf4+ 43.
gxf4 Rc2 44. Bd4 c5 45. Be5 b3 46. Kd3 c4+ 47. Ke3 b2 48. Bxb2 Rxb2 49. Nc3 Rc2 50. Kd4 Rh2 51. Kxc4 Rxh3 52. Nd5 Rf3 53. Kd4 h5 54. e5 h4 55. Ke4 Rf2 56. Kf5 h3 57. e6+ Ke8 58. Ke5 h2 59. Nc7+ Kd8 60. Kd6 Rd2+ 0-1

[Event "Early-Titled-Tuesday-Blitz-May-07-2024"]
[Site "Chess.com"]
[Date "2024.05.07"]
[Round "7"]
[White "Ivan11Martic"]
[Black "GMKrikor"]
[Result "0-1"]
[WhiteElo "2625"]
[BlackElo "2853"]
[TimeControl "180+1"]
[EndTime "9:22:41 PDT"]
[Termination "GMKrikor won by resignation"]

1. e4 c5 2. Nf3 Nc6 3. d4 cxd4 4. Nxd4 Nf6 5. Nc3 e5 6. Ndb5 d6 7. Bg5 a6 8. Na3 b5 9. Nd5 Be7 10. Bxf6 Bxf6 11. c4 b4 12. Nc2 O-O 13. g3 a5 14.
Bg2 Bg5 15. O-O Be6 16. Qd3 Nb8 17. f4 Bh6 18. f5 Bxd5 19. Qxd5 Qb6+ 20. Kh1 Nd7 21.
Rad1 Ra6 22. Qb5 Nc5 23. b3 Qa7 24. Rd5 Rb8 25. Rxc5 dxc5 26. Rd1 g6 27. Qa4 Qc7 28. Rd5 Qc6 29. Qxc6 Rxc6 30. Rxe5 a4 31. Rd5 axb3 32. axb3 Re8 33. e5 Rc7 34. g4 Bc1 35. Rd1 Bf4 36. e6 fxe6 37. fxe6 Kg7 38. Bd5 Rd8 39. Rf1 g5 40. h4 h6 41. Kg2 Ra7 42. Rf2 Ra2 43. Re2 Re8 44. hxg5 hxg5 45. Kf3 Re7 46. Ke4 Kf6 47.
Kd3 Rh7 48. Bc6 Rh3+ 49. Ke4 Rc3 50. e7 Kxe7 51. Kf5+ Kd6 52. Re6+ Kc7 53. Re7+ Kxc6 54. Re6+ Kd7 55. Ne1 Re3 56. Rg6 Rxe1 0-1

[Event "Early-Titled-Tuesday-Blitz-May-07-2024"]
[Site "Chess.com"]
[Date "2024.05.07"]
[Round "7"]
[White "th3d4rkness"]
[Black "Goffredo_Fofi"]
[Result "0-1"]
[WhiteElo "2226"]
[BlackElo "2527"]
[TimeControl "180+1"]
[EndTime "9:22:41 PDT"]
[Termination "Goffredo_Fofi won on time"]

1. e4 Nf6 2. e5 Nd5 3. d4 d6 4. c4 Nb6 5. exd6 exd6 6. Be3 Nc6 7. Nc3 Be7 8. Be2 O-O 9. Nf3 Bg4 10. b3 Bf6 11. h3 Bxf3 12. Bxf3 Bg5 13. Bxg5 Qxg5 14. O-O Rfe8 15. a4 a5 16. Nb5 Re7 17. Ra2 Rae8 18. Re2 Rxe2 19. Bxe2 Qe7 20. Bf3 Nb4 21. d5 Qd8 22. Qd2 Nd7 23. Re1 Rxe1+ 24. Qxe1 g6 25. Qe3 Nc5 26. Bd1 c6 27. dxc6 bxc6 28. Nd4 Kg7 29.
Nf3 Qf6 30. Qd4 Qxd4 31. Nxd4 Kf6 32. f4 d5 33. cxd5 cxd5 34. Kf2 Ne6 35. Ke3 Nc5 36.
g4 g5 37. fxg5+ Kxg5 38. Nf3+ Kf6 39. Kd4 Ne6+ 40. Ke3 Ke7 41. Nd4 Kd6 42. Nf5+ Ke5 43. Bf3 d4+ 44. Kd2 Nc5 45. Bd1 Ne4+ 46. Ke1 d3 47. Ne3 Kd4 48. Nf5+ Kc3 49. Nh6 f6 50.
Nf5 Nc2+ 51. Kf1 Ne3+ 52. Nxe3 Kd2 0-1

[Event "Early-Titled-Tuesday-Blitz-May-07-2024"]
[Site "Chess.com"]
[Date "2024.05.07"]
[Round "7"]
[White "ilushka"]
[Black "BashirovKemal"]
[Result "0-1"]
[WhiteElo "2522"]
[BlackElo "2682"]
[TimeControl "180+1"]
[EndTime "9:22:42 PDT"]
[Termination "BashirovKemal won by resignation"]

1. Nf3 Nf6 2. g3 e6 3. Bg2 d5 4. d4 c5 5. c4 Nc6 6. O-O cxd4 7. Nxd4 Be7 8. cxd5 exd5 9. Nc3 O-O 10. Nxc6 bxc6 11. b3 Re8 12. Bb2 Ba6 13. Re1 Bc5 14. e3 Qe7 15.
Rc1 Bb4 16. Qc2 Ng4 17. Red1 Rac8 18. Na4 Bb5 19. Nc5 Nxf2 20. Qxf2 Bxc5 21. Bd4 Ba3 22. Rc2 c5 23. Bb2 Bxb2 24. Rxb2 d4 25. exd4 cxd4 26. Rbd2 d3 27. Bf1 Red8 28. Bxd3 Bxd3 29.
Rxd3 Rxd3 30. Rxd3 Rc1+ 31. Kg2 Qe4+ 32. Qf3 Rc2+ 33. Kh3 Qe6+ 34. Qg4 Qh6+ 35. Qh4 Qe6+ 36. Qg4 f5 37. Qg5 f4+ 38. Qg4 Qxg4+ 39. Kxg4 fxg3 40. hxg3 Rxa2 41. Kf5 g6+ 42. Kf6 Ra6+ 43. Ke7 Kg7 44. Kd7 h5 45. Kc7 Rb6 46. Rc3 Kh6 47. Rd3 g5 48.
Rd6+ Rxd6 49. Kxd6 h4 50. gxh4 gxh4 51. Kc5 h3 52.
Kb5 h2 53. Ka6 h1=Q 54. Kxa7 Qb1 0-1

[Event "Early-Titled-Tuesday-Blitz-May-07-2024"]
[Site "Chess.com"]
[Date "2024.05.07"]
[Round "7"]
[White "kuchma777"]
[Black "BirdMaster3000"]
[Result "1-0"]
[WhiteElo "2512"]
[BlackElo "2614"]
[TimeControl "180+1"]
[EndTime "9:22:44 PDT"]
[Termination "kuchma777 won by resignation"]

1. e4 c5 2. Nf3 e6 3. c3 Nf6 4. e5 Nd5 5. Bc4 Nb6 6. Bb3 c4 7. Bc2 d6 8. exd6 Bxd6 9. O-O Nc6 10. b3 O-O 11. bxc4 e5 12. d4 exd4 13. cxd4 Nxc4 14. Qd3 g6 15. Qxc4 Bg4 16. Bg5 Qd7 17.
Nbd2 Rac8 18. Ne4 Be7 19. Bxe7 Qxe7 20. Qc5 Bxf3 21. gxf3 Qh4 22. Bb3 Rcd8 23. Rad1 Kg7 24. d5 Ne5 25. Qc3 f6 26. Ng3 h5 27. Kg2 Qg5 28.
Qe3 h4 29. Qxg5 fxg5 30. Ne4 Nxf3 31. Nc5 h3+ 32. Kh1 g4 33. Ne6+ Kf6 34. Nxf8 Rxf8 35. d6 Rd8 36. Bd5 Ne5 37. Bxb7 Ke6 38. Be4 Kd7 39.
Rd5 Re8 40. Rfd1 Re6 41. Bc2 Nc4 42. Ba4+ Kd8 43. d7 Nb6 44. Rc5 Re4 45. Bb5 a6 46. Bxa6 Nxd7 47. Bb5 Ke8 48. Bxd7+ Ke7 49. Rcc1 Kf6 50.
Bc6 Rf4 51. Kg1 Kg5 52. a4 Rb4 53. a5 g3 54. hxg3 Kg4 55. a6 h2+ 56. Kxh2 Rb8 57. a7 Rh8+ 58. Kg2 g5 59. a8=Q 1-0

[Event "Early-Titled-Tuesday-Blitz-May-07-2024"]
[Site "Chess.com"]
[Date "2024.05.07"]
[Round "7"]
[White "JJDAREK"]
[Black "RojonR"]
[Result "1-0"]
[WhiteElo "2393"]
[BlackElo "2531"]
[TimeControl "180+1"]
[EndTime "9:22:44 PDT"]
[Termination "JJDAREK won by resignation"]

1. d4 Nf6 2. c4 e6 3. Nf3 Bb4+ 4. Nbd2 b6 5. a3 Bxd2+ 6. Qxd2 Bb7 7. e3 O-O 8. Be2 d6 9. b4 Nbd7 10. Bb2 Ne4 11. Qc2 f5 12. O-O Rf6 13. Ne1 Rg6 14. f3 Ng5 15. Rd1 h6 16. d5 Qe7 17. e4 fxe4 18.
fxe4 e5 19. Bg4 Rf8 20. Rxf8+ Nxf8 21. Nf3 Nxf3+ 22. Bxf3 Bc8 23. Qe2 Nh7 24. Bh5 Rg5 25. Bc1 Rxh5 26. Qxh5 Nf6 27. Qg6 Qf7 28. Qxf7+ Kxf7 29. Re1 Ba6 30. b5 Bc8 31. h3 g5 32. g4 Kg6 33. Kf2 Bd7 34. Kg3 Be8 35. a4 Bf7 36. a5 bxa5 37. Kf3 h5 38. Be3 Be8 39. Bxa7 hxg4+ 40.
hxg4 Bd7 41. Rg1 a4 42. Be3 a3 43. Bc1 a2 44. Bb2 Bc8 45. Bc3 Bd7 46. Rg2 Bc8 47.
c5 dxc5 48. Bxe5 Nd7 49. Bc3 c4 50. Rxa2 Nc5 51. e5 Nd3 52. d6 Bb7+ 53. Ke3 cxd6 54.
exd6 Nc5 55. Ra7 Bc8 56. Kd4 Ne6+ 57. Kxc4 1-0

[Event "Early-Titled-Tuesday-Blitz-May-07-2024"]
[Site "Chess.com"]
[Date "2024.05.07"]
[Round "7"]
[White "tantaan"]
[Black "manitodeplomo"]
[Result "1-0"]
[WhiteElo "2494"]
[BlackElo "2598"]
[TimeControl "180+1"]
[EndTime "9:22:44 PDT"]
[Termination "tantaan won on time"]

1. e4 Nc6 2. d4 d5 3. exd5 Qxd5 4. Nf3 Bg4 5. Be2 O-O-O 6. c3 e5 7. h3 Bh5 8. c4 Qa5+ 9. Bd2 Bb4 10. d5 Bxf3 11. Bxf3 Nd4 12. a3 Bxd2+ 13. Nxd2 f5 14. b4 Qa6 15. O-O Nf6 16. Re1 Rhe8 17. Be2 c6 18. b5 cxb5 19. cxb5 Qd6 20. Qa4 Kb8 21. Bc4 Nxd5 22. Bxd5 Qxd5 23. b6 a6 24. Nc4 Qb5 25. Qxb5 axb5 26. Nxe5 Nc2 27. Nd7+ Kc8 28. Rxe8 Rxe8 29.
Rc1 Kxd7 30. Rxc2 Rc8 31. Rd2+ Kc6 32. Rc2+ Kd7 33. Rd2+ Ke7 34. Rd5 g6 35. Rxb5 Rc1+ 36. Kh2 Ra1 37. Rc5 Rd1 38. a4 Rd7 39. a5 Kd6 40. Rc3 Re7 41. Kg3 Re5 42. Ra3 Kc6 43. Kf4 Re4+ 44. Kg5 Kb5 45. a6 Re8 46. a7 Ra8 47.
Rb3+ Kc4 48. Rb1 Kc5 49. Kh6 Kc6 50. Kxh7 f4 51. Kxg6 f3 52. gxf3 Kd5 53. Kf5 Kd4 54. Rd1+ 1-0

[Event "Early-Titled-Tuesday-Blitz-May-07-2024"]
[Site "Chess.com"]
[Date "2024.05.07"]
[Round "7"]
[White "Naruto75_3"]
[Black "RebelJohnny"]
[Result "0-1"]
[WhiteElo "2418"]
[BlackElo "2572"]
[TimeControl "180+1"]
[EndTime "9:22:46 PDT"]
[Termination "RebelJohnny won by resignation"]

1. d4 d5 2. c4 dxc4 3. Nf3 Nf6 4. e3 e6 5. Bxc4 c5 6. O-O a6 7. Bb3 b5 8. Nc3 Bb7 9. Qe2 Nbd7 10. Rd1 Qb8 11.
Bc2 Bd6 12. e4 cxd4 13. Rxd4 Ne5 14. h3 O-O 15. Bg5 Nxf3+ 16. Qxf3 Be5 17. Rdd1 b4 18. Na4 Rc8 19. Bd3 Bc6 20. Nc5 Bb5 21. Be3 Bxb2 22. Rab1 Bc3 23. Bc2 Qe5 24. Nb7 Bc6 25. Nd6 Rd8 26.
Bf4 Qc5 27. Bb3 a5 28. Qe2 a4 29. Bc4 Be5 30. Be3 Qa5 31. Nxf7 Kxf7 32. f4 Bxe4 33. fxe5 Qxe5 34. Rxb4 Rxd1+ 35. Qxd1 Bd5 36. Bf2 Rd8 37. Bxd5 Nxd5 38. Rb7+ Kg8 39. Qg4 Ne3 40. Rxg7+ Qxg7 41. Qxe6+ Qf7 42. Qxe3 Rf8 43. Qg3+ Qg6 44. Qxg6+ hxg6 45. Bc5 Rc8 46. Bb4 Rc2 47. a3 Kf7 48. Kh2 Ke6 49. Kg3 Kf5 50. Kf3 Rb2 51. g3 Rxb4 52. Kf2 Rb3 0-1

[Event "Early-Titled-Tuesday-Blitz-May-07-2024"]
[Site "Chess.com"]
[Date "2024.05.07"]
[Round "7"]
[White "BashirliSaadat"]
[Black "martinmena"]
[Result "1-0"]
[WhiteElo "2395"]
[BlackElo "2121"]
[TimeControl "180+1"]
[EndTime "9:22:48 PDT"]
[Termination "BashirliSaadat won on time"]

1. d4 d5 2. e3 e6 3. Bd3 Nf6 4. f4 Bd6 5. Nf3 O-O 6. c3 b6 7.
Qe2 Bb7 8. O-O Ne4 9. Nbd2 f5 10.
Ne5 Bxe5 11. fxe5 c5 12. Nf3 Nc6 13. Bd2 Qe8 14. Rac1 Qh5 15. Be1 g5 16. c4 cxd4 17. Nxd4 Qxe2 18. Bxe2 Nxd4 19. exd4 Ba6 20. Rc2 Bxc4 21.
Bxc4 dxc4 22. Rxc4 Rfc8 23. Rxc8+ Rxc8 24. Rf3 Rc1 25. Re3 Rc2 26. g4 Kf7 27. gxf5 exf5 28. d5 Rc5 29. e6+ Kf6 30. d6 Nxd6 31. Bc3+ Ke7 32. Kg2 Rd5 33. Bb4 a5 34. Ba3 b5 35. b3 b4 36. Bc1 Ne4 37. Re1 Kxe6 38. Bxg5 Kf7 39. Bf4 Kf6 40. Kf3 Rd3+ 41. Ke2 Rc3 42. Rd1 Rc2+ 43.
Ke3 Rxa2 44. Rd8 Nc3 45. Rf8+ Ke7 46. Rxf5 Re2+ 47. Kd3 Re1 48. Bg5+ Ke6 49. Rf6+ Ke5 50. Rh6 Rd1+ 51. Kc4 Rc1 52. Kd3 Rd1+ 53. Kc4 Rg1 54.
Be3 Ke4 55. Bxg1 a4 56. bxa4 b3 57. Kxc3 1-0

[Event "Early-Titled-Tuesday-Blitz-May-07-2024"]
[Site "Chess.com"]
[Date "2024.05.07"]
[Round "7"]
[White "SaiAgni_98"]
[Black "edgarhay012"]
[Result "1-0"]
[WhiteElo "2517"]
[BlackElo "2658"]
[TimeControl "180+1"]
[EndTime "9:22:49 PDT"]
[Termination "SaiAgni_98 won by resignation"]

1. c4 e5 2. g3 c6 3. d4 exd4 4.
Qxd4 Nf6 5. Bg2 Be7 6. Nf3 O-O 7.
O-O Na6 8. a3 Nc5 9. Qc3 Nfe4 10. Qc2 a5 11. Nbd2 d5 12. Rd1 Bf5 13. Nd4 Bg6 14.
Nxe4 Nxe4 15. Qb3 Nc5 16. Qc3 dxc4 17. Be3 Qc7 18. Qxc4 Rad8 19. Rac1 Qb8 20. b4 axb4 21. axb4 Na4 22. Qb3 Nb6 23. Ne6 fxe6 24. Qxe6+ Rf7 25. Bxb6 Re8 26. Qc4 Kh8 27. Be4 Bh5 28. g4 c5 29.
gxh5 Rxf2 30. Kxf2 Qxh2+ 31. Ke1 Qf4 32. Rd3 Bh4+ 33.
Kd1 Bg5 34. Bf3 Qh2 35. bxc5 Qg1+ 36. Kc2 Qxc1+ 37. Kb3 Qb1+ 38. Ka4 Qa1+ 39. Ra3 Ra8+ 40.
Ba5 Rxa5+ 41. Kxa5 Qxa3+ 42. Kb6 Qb2+ 43. Kc7 Qb1 44. Bxb7 Bf6 45. Be4 g6 46. Bxb1 Be5+ 47.
Kd7 gxh5 48. Qe6 Bf4 49. Qe8+ Kg7 50. Qe7+ Kh6 51. Qxh7+ Kg5 52. Qg6+ Kh4 53. Qf5 Bg5 54. c6 Kg3 55. Qxg5+ Kf2 56. Qxh5 1-0

[Event "Early-Titled-Tuesday-Blitz-May-07-2024"]
[Site "Chess.com"]
[Date "2024.05.07"]
[Round "7"]
[White "kacperkarwowski"]
[Black "C_K_G"]
[Result "1-0"]
[WhiteElo "2519"]
[BlackElo "2288"]
[TimeControl "180+1"]
[EndTime "9:22:50 PDT"]
[Termination "kacperkarwowski won on time"]

1. g4 d5 2. Bg2 e6 3. c4 c6 4. Qc2 Nd7 5. b3 h6 6. Bb2 Ngf6 7. h3 Bd6 8. Nf3 b6 9. d3 Bb7 10. Nbd2 Qe7 11. e4 e5 12. Nh4 d4 13.
Nf5 Qf8 14. Nxd6+ Qxd6 15. Nf3 a5 16. a4 O-O 17. Nh4 g6 18. Bc1 Kh7 19. Qd2 Ng8 20. O-O Qf6 21. Nf3 Nc5 22. Rb1 Ne6 23. g5 hxg5 24. Nxg5+ Nxg5 25. Qxg5 Qxg5 26. Bxg5 c5 27.
Bd2 Rad8 28. f4 exf4 29. Bxf4 Rd7 30. Be5 f6 31. Bg3 Kg7 32. Rf2 f5 33. exf5 Bxg2 34. Kxg2 gxf5 35. Be5+ Kg6 36. Kf3 Nf6 37. Rg1+ Kf7 38.
Kf4 Nh5+ 39. Kxf5 Ke8+ 40. Ke6 Rxf2 41. Rg8+ Rf8 42. Rxf8+ Kxf8 43. Kxd7 Kf7 44. Kd6 Kg6 45. Ke6 Kg5 46. Kd5 Kh4 47. Ke4 Kxh3 48. Bc7 Kg2 49.
Bxb6 Ng3+ 50. Kd5 Ne2 51. Bxc5 Nc1 52. Bxd4 1-0

[Event "Early-Titled-Tuesday-Blitz-May-07-2024"]
[Site "Chess.com"]
[Date "2024.05.07"]
[Round "7"]
[White "GlavkonVVS"]
[Black "mind1mover"]
[Result "0-1"]
[WhiteElo "2668"]
[BlackElo "2897"]
[TimeControl "180+1"]
[EndTime "9:22:51 PDT"]
[Termination "mind1mover won by resignation"]

1. c4 c5 2. Nc3 b6 3. g3 Bb7 4. e4 g6 5. Bg2 Bg7 6. Nge2 Nc6 7. O-O d6 8. d3 e6 9. f4 Nge7 10. Be3 Nd4 11. Bxd4 cxd4 12. Nb5 Nc6 13. e5 dxe5 14. fxe5 Bxe5 15. Nf4 O-O 16. Qg4 Qd7 17. Rae1 Bg7 18. Bh3 Rae8 19. Qe2 a6 20. Na3 Nb4 21. Nc2 Nxc2 22.
Qxc2 f5 23. b4 e5 24. Nd5 Bxd5 25. cxd5 Rc8 26. Qb1 Qd6 27. Bg2 Bh6 28. Kh1 Be3 29.
b5 a5 30. Re2 Rc3 31. Rc2 Rfc8 32. Rxc3 Rxc3 33. g4 e4 34. gxf5 exd3 35. fxg6 hxg6 36.
Qd1 d2 37. Qg4 Rc1 38. Rd1 Kg7 39. Be4 g5 40. Kg2 Rxd1 41. Qxd1 Qf4 42. Bf3 d3 43.
h3 Bd4 44. Qf1 Qe3 45. Bh5 Bf6 46. d6 Qd4 47. Qf5 Qxd6 48. Qg6+ Kh8 49. Bf3 d1=Q 50.
Bxd1 Qd5+ 51. Bf3 Qxa2+ 52. Kg3 Be5+ 53. Kg4 Qc4+ 54. Kf5 Qf4+ 55. Ke6 Qxf3 56. Qe8+ Kg7 57.
Kxe5 Qe3+ 0-1